 Dungeon Crawl Stone Soup version 0.30-a0-748-ge6a52f7cba (webtiles) character file.

Game seed: 6938272827062850352

74 boo the Insei (level 4, -3/35 HPs)
             Began as a Demonspawn Monk on Feb 8, 2023.
             Slain by an iguana (11 damage)
             ... on level 3 of the Dungeon.
             The game lasted 00:03:27 (2030 turns).

boo the Insei (Demonspawn Monk)                     Turns: 2030, Time: 00:03:28

Health: -3/35      AC:  3    Str: 14    XL:     4   Next: 10%
Magic:  4/4        EV: 13    Int: 11    God:
Gold:   59         SH:  0    Dex: 15    Spells: 3/3 levels left

rFire   . . .      SeeInvis .      - Unarmed
rCold   + . .      Faith    .    (no shield)
rNeg    . . .      Spirit   .    a - +0 robe
rPois   .          Reflect  .    (no helmet)
rElec   .          Harm     .    (no cloak)
rCorr   .          Rampage  .    (no gloves)
Will    .....                    k - +0 pair of boots
Stlth   +                        (no amulet)
HPRegen 0.25/turn                i - ring of protection from cold
MPRegen 0.09/turn                (no ring)

@: confused, ambrosia-drunk
A: weakness stinger 2
a: no special abilities


You were on level 3 of the Dungeon.
You visited 1 branch of the dungeon, and saw 3 of its levels.

You collected 59 gold pieces.

Inventory:

Armour
 a - a +0 robe (worn)
 k - a +0 pair of boots (worn)
Jewellery
 i - a ring of protection from cold (left hand)
Scrolls
 c - a scroll of immolation {unknown}
 d - a scroll of enchant weapon {unknown}
 e - 2 scrolls of teleportation {unknown}
 f - 4 scrolls of identify
 j - a scroll of noise {unknown}
Potions
 g - a potion of curing
 h - 2 potions of mutation {unknown}
 l - 2 potions of heal wounds {unknown}


   Skills:
 + Level 3.5 Fighting
 + Level 3.2 Dodging
 - Level 1.7 Stealth
 * Level 3.7 Unarmed Combat


You had 3 spell levels left.
You didn't know any spells.
Your spell library was empty.

Dungeon Overview and Level Annotations

Branches:
Dungeon (3/15)

Altars:

Shops:
D:2 *


Innate Abilities, Weirdness & Mutations

You have a tail ending in a sharp stinger.


Message History

An iguana comes into view.
Found a knobbly glass ring.
The iguana hisses angrily.
No reachable target in view!
No reachable target in view!
An iguana is nearby!
No reachable target in view!
Found 3 stones.
You see here a scroll of identify.
f - 4 scrolls of identify (gained 1)
You barely miss the iguana. The iguana bites you!
You hit the iguana.
The iguana is moderately wounded.
The iguana barely misses you.
You barely miss the iguana. Your punch misses the iguana.
The iguana is moderately wounded.
The iguana closely misses you.
You closely miss the iguana.
The iguana is moderately wounded.
The iguana completely misses you.
You hit the iguana but do no damage.
The iguana is moderately wounded.
The iguana bites you!
You closely miss the iguana.
You tail-slap the iguana, but do no damage.
The iguana is moderately wounded.
You hit the iguana but do no damage.
The iguana is moderately wounded.
The iguana barely misses you.
You completely miss the iguana.
The iguana is moderately wounded.
The iguana bites you!
* * * LOW HITPOINT WARNING * * *
You hit the iguana.
Your tail-slap misses the iguana.
The iguana is severely wounded.
The iguana closely misses you.
Unknown command.
You are confused.
You feel invigorated. The iguana bites you!
You die...

.......(..#.#.###### ##.###.##
##........#.......[###.......##
##.⌠..#..###.###.#...........#
##...#...)..# ##.###♣♣♣....##
##..#.###### ### ♣♣♣..# ##....#
####### ♣..# #....# #.....#
P♣.# #(...###.....# .P♣♣#
#..........@.# .P
#....###...l...# ♣♣ #.....#
#.....#.# #....).##.........#
#.⌠..#####PP.♣P.P..# .....
#..♣P♣♣P♣P# ..... #....= ♣♣P.#
#### ...... (.


You could see an iguana.

Vanquished Creatures
  2 adders (D:2)
  2 dart slugs (D:2)
  5 bats
  5 endoplasms
  A giant cockroach (D:2)
  5 goblins
  8 hobgoblins
  2 jackals (D:1)
  2 kobolds
  4 quokkas
  4 ball pythons
  3 frilled lizards
  4 rats
47 creatures vanquished.

Notes
Turn   | Place    | Note
-------+----------+-------------------------------------------
     0 | D:1      | boo the Demonspawn Monk began the quest for the Orb.
     0 | D:1      | Reached XP level 1. HP: 18/18 MP: 1/1
   273 | D:1      | Gained mutation: You have a small tail. [demonic ancestry]
   273 | D:1      | Reached XP level 2. HP: 20/24 MP: 2/2
  1075 | D:2      | Gained mutation: You have a tail ending in a sharp stinger.
                  | [demonic ancestry]
  1075 | D:2      | Reached XP level 3. HP: 12/29 MP: 3/3
  1567 | D:2      | Found Ylivaup's Assorted Antiques.
  1669 | D:2      | Reached XP level 4. HP: 30/35 MP: 4/4
  2030 | D:3      | Slain by an iguana

Illustrated notes

Levels and vault maps discovered:
D:1:      tarquinn_simple_flora_water_d, layout_loops_corners
D:2:      layout_loops_ring, serial_shops, nicolae_shop_hallway_stairs,
          basic_altar
D:3:      layout_loops_cross, nicolae_overflow_ecumenical_swirl, serial_forest,
          infiniplex_forest_end_3, infiniplex_forest_clump_curved,
          infiniplex_forest_clump_curved, infiniplex_forest_end_1,
          infiniplex_forest_end_3, infiniplex_forest_straight_3,
          hellmonk_ecumenical_altar_leap_of_faith, uniq_jessica

Skill      XL: |  1  2 |
---------------+-------+-----
Unarmed Combat | 3 |  3.7
Dodging        | 3 |  3.2
Fighting       | |  3.5
Stealth        | |  1.7

Action                     |  1- 3 |  4- 6 || total
---------------------------+-------+-------++-------
  Melee: Unarmed           |   138 |    22 ||   160
         Punch             |     4 |     1 ||     5
         Tailslap          |    19 |     1 ||    20
    Use: Scroll            |     1 |       ||     1
         Potion            |       |     1 ||     1
   Stab: Sleeping          |     8 |     1 ||     9
 Armour: Robe              |    18 |     2 ||    20
  Dodge: Dodged            |    92 |     9 ||   101

Table legend: (Time is in decaauts)
 A = Elapsed time spent in this place.
 B = Non-inter-level travel time spent in this place.
 C = Inter-level travel time spent in this place.
 D = Time resting spent in this place.
 E = Time spent auto-exploring this place.
 F = Levels seen in this place.
 G = Mean time per level.
                   A        B        C        D        E       F      G
               +--------+--------+--------+--------+--------+-----+--------+
         Total |   2019 |   1972 |     47 |    149 |   1417 |   3 |  673.0 |
       Dungeon |   2019 |   1972 |     47 |    149 |   1417 |   3 |  673.0 |
               +--------+--------+--------+--------+--------+-----+--------+

Top non-repeatable levels by time:
     D:1: 980 daAuts
     D:2: 890 daAuts
     D:3: 148 daAuts
